AoeStats
← 我是你跌

Arabia

506993373Analyzed
1v1 RM · 17d ago on Sep 16, 2026· 42m 49s· 2 players
Game mode
Random Map
Map size
Tiny (2 player)
Population
200
Speed
Normal
Resources
Standard
Victory
Conquest
Starting age
Dark Age
Ending age
Imperial Age
RankedLock teamsTeams togetherTeam positionsShared explorationLock speedFull tech treeHidden civsTurbo modeCheats
Victory
Defeat
🇲🇽 Cumans · Mexico
772
+18
🇨🇳 Saracens · China
814
-18
[HsMs]_DarkOzz95_]
10:23 Feudal Age
11:09 Double-Bit Axe
11:07 Horse Collar
15:27 Bloodlines
21:16 Castle Age
22:14 Scale Barding Armor
22:22 Forging
22:13 Fletching
24:38 Padded Archer Armor
26:07 Loom
26:59 Wheelbarrow
26:11 Town Watch
26:44 Leather Archer Armor
26:53 Ballistics
27:58 Heavy Plow
29:22 Chain Barding Armor
28:57 Bodkin Arrow
31:13 Bodkin Arrow
31:53 Iron Casting
31:40 Bow Saw
35:58 Imperial Age
36:01 Hand Cart
37:14 Thumb Ring
38:56 Chemistry
40:19 Conscription
40:02 Steppe Husbandry
41:43 Plate Barding Armor
42:09 Blast Furnace
41:40 Ring Archer Armor
41:35 Heavy Cavalry Archer
42:58 Masonry
我是你跌
11:54 Feudal Age
18:40 Castle Age
18:51 Double-Bit Axe
18:54 Horse Collar
19:10 Fletching
19:32 Town Watch
20:12 Bow Saw
20:07 Heavy Plow
23:43 Wheelbarrow
23:33 Stone Mining
24:51 Ballistics
25:09 Bodkin Arrow
27:50 Gold Mining
31:51 Hand Cart
32:59 Elite Skirmisher
37:29 Gold Shaft Mining
40:01 Imperial Age
39:53 Padded Archer Armor
41:51 Chemistry
42:45 Two-Man Saw
42:14 Murder Holes
Connection lost

Rejoining the realm…

Still unreachable

The connection could not be restored.

Session expired

The server has moved on; the page needs a fresh start.